 Dungeon Crawl Stone Soup version 0.19-a0-1057-g15bb84d (webtiles) character file.

8759 Charly the Grappler (level 11, -8/109 HPs)
             Began as a Troll Monk on Aug 2, 2016.
             Was an Elder of Cheibriados.
             Mangled by a ghost moth (17 damage)
             ... on level 3 of the Lair of Beasts.
             The game lasted 00:36:16 (2859 turns).

Charly the Grappler (Troll Monk)                    Turns: 2859, Time: 00:36:16

Health: -8/109     AC:  6    Str: 30      XL:     11   Next: 14%
Magic:  0/13       EV: 15    Int: 19 (20) God:    Cheibriados [****..]
Gold:   404        SH:  0    Dex: 27      Spells: 2 memorised, 6 levels left

rFire  + . .     SeeInvis .       - Unarmed
rCold  + . .     Gourm    +     i - troll hide
rNeg   . . .     Faith    .     (no shield)
rPois  +         Spirit   .     (helmet restricted)
rElec  +         Dismiss  .     d - +0 cloak
rCorr  +         Reflect  .     (gloves unavailable)
SustAt .         Harm     .     (boots unavailable)
MR     .....                    (no amulet)
Stlth  ++........               r - +5 ring of intelligence
                                v - +3 ring of dexterity

@: about to teleport, resistant, marked, repel missiles, very slow, not
resistant to hostile enchantments, unstealthy
A: unfitting armour, claws 3, fast metabolism 3, gourmand, regeneration 2,
shaggy fur 1, tough skin 2
a: Bend Time, Temporal Distortion, Slouch, Renounce Religion


You were on level 3 of the Lair of Beasts.
You worshipped Cheibriados.
Cheibriados was greatly pleased with you.
You were full.

You visited 3 branches of the dungeon, and saw 14 of its levels.

You collected 404 gold pieces.

Inventory:

Missiles
 j - 6 curare-tipped needles
Armour
 d - a +0 cloak (worn)
 i - a troll hide (worn)
Magical Staves
 g - an uncursed staff of poison
Jewellery
 r - a +5 ring of intelligence (right claw)
 v - a +3 ring of dexterity (left claw)
Wands
 q - a wand of polymorph (8/24)
 w - a wand of digging (22/24)
Scrolls
 e - a scroll of enchant weapon
 h - a scroll of recharging
 p - 5 scrolls of remove curse
 x - a scroll of amnesia
Potions
 c - 9 potions of curing
 l - 3 potions of flight
 s - 2 potions of mutation {unknown}
 C - a potion of cancellation {unknown}
Books
 m - a book of Unlife

   Spells                             Type                      Level
   a - Recall                         Summoning/Translocation      3
   b - Animate Dead                   Necromancy                   4
   c - Control Undead                 Necromancy                   4
   d - Cigotuvi's Embrace             Necromancy                   5
   e - Death Channel                  Necromancy                   6
   f - Simulacrum                     Ice/Necromancy               6
 o - a book of Minor Magic

   Spells                             Type                      Level
   a - Magic Dart                     Conjuration                  1
   b - Blink                          Translocation                2
   c - Call Imp                       Summoning                    2
   d - Repel Missiles                 Charms/Air                   2
   e - Slow                           Hexes                        2
   f - Conjure Flame                  Conjuration/Fire             3
   g - Mephitic Cloud                 Conjuration/Poison/Air       3
Comestibles
 b - 7 bread rations
 f - 5 slices of pizza
 u - 2 meat rations
 A - a beef jerky


   Skills:
 + Level 7.4 Fighting
 + Level 5.9 Dodging
 - Level 1.1 Stealth
 * Level 12.6 Unarmed Combat
 - Level 5.0 Invocations


You had 6 spell levels left.
You knew the following spells:

 Your Spells              Type           Power        Failure   Level  Hunger
b - Blink                 Tloc           N/A          34%         2    ###....
R - Repel Missiles        Chrm/Air       #.....       34%         2    ###....


Dungeon Overview and Level Annotations

Branches:
Dungeon (10/15)            Temple (1/1) D:6            Lair (3/6) D:10
  Swamp (0/4) Lair:2       Spider (0/4) Lair:2
    Orc: D:9-12

Altars:
Cheibriados
Elyvilon
Fedhas
Hepliaklqana
Kikubaaqudgha
Makhleb
Qazlal
Trog
Uskayaw
Vehumet


Innate Abilities, Weirdness & Mutations

You are too large for most types of armour.
You have claws for hands.
Your metabolism is lightning-fast.
You like to eat raw meat.
You heal very quickly.
You are covered in fur. (AC +1)
You have very tough skin. (AC +2)


Message History

You claw something! You barely miss something. Your claw misses something.
You feel you are being watched by something.
You feel your power leaking away. Something hits you!
* * * LOW HITPOINT WARNING * * *
Something hits you but does no damage. Something stings you!
* * * LOW HITPOINT WARNING * * *
You closely miss something. Something hits you.
* * * LOW HITPOINT WARNING * * *
Something hits you.
* * * LOW HITPOINT WARNING * * *
Something barely misses you.
A water moccasin comes into view.
Unknown command.
Evoke which item? (* to show all) (? for menu, Esc to quit)
Okay, then.
As you read the scroll of teleportation, it crumbles to dust.
You feel strangely unstable. Something barely misses you. Something hits you!
You die...

..... ....S.. ## #
....# #..# #.8.#
#. #.B.# #. # #
...# ## .#.#.
..### #
......#.#.#
.......@†.#
....###P.## #####
### #
#...###.#.####.###
##........?....#.#
####P########....
### #.#.# #####


You could see a boulder beetle and a water moccasin.

Vanquished Creatures
  A queen ant (Lair:2)
  Joseph (D:8)
  3 komodo dragons
  A troll (D:10)
  The ghost of Aquadorian the Firebug, an amateur HOFE (D:4)
  A wyvern (D:10)
  A human (D:7)
  A hungry ghost (D:10)
  A hippogriff (D:8)
  2 hogs (D:7)
  2 wargs (D:10)
  4 vampire mosquitoes (Lair:2)
  Menkaure (D:5)
  2 water moccasins
  14 soldier ants (Lair:2)
  6 porcupines
  Duvessa (D:4)
  3 orc warriors
  A necrophage (D:6)
  2 centaurs
  2 crocodiles (Lair:3)
  A giant frog (D:8)
  Dowan (D:4)
  3 scorpions
  An electric eel (Lair:2)
  A crimson imp (D:6)
  A centaur zombie (D:8)
  An orc priest (D:8)
  A giant frog zombie (D:5)
  3 jellies (D:6)
  A hound (D:8)
  5 orc wizards
  A gnoll shaman (D:5)
  5 iguanas
  26 worker ants
  A killer bee zombie (D:7)
  10 sheep
  A howler monkey skeleton (D:7)
  3 gnolls (D:5)
  2 worker ant zombies
  8 adders
  10 river rats (Lair:1)
  A shadow imp (D:10)
  An ooze (D:2)
  An adder skeleton (D:5)
  A worm (D:3)
  2 dart slugs
  2 giant geckos
  9 orcs
  2 giant cockroaches
  3 hobgoblins
  8 jackals
  3 kobolds
  A quokka (D:8)
  2 goblins
  A quokka zombie (D:5)
  A rat (D:3)
  A fungus (Lair:1)
176 creatures vanquished.

Vanquished Creatures (collateral kills)
  A giant frog (Lair:2)
  A worker ant (Lair:2)
2 creatures vanquished.

Grand Total: 178 creatures vanquished

Notes
Turn   | Place    | Note
-------+----------+-------------------------------------------
     0 | D:1      | Charly the Troll Monk began the quest for the Orb.
     0 | D:1      | Reached XP level 1. HP: 22/22 MP: 0/0
   170 | D:2      | Reached XP level 2. HP: 28/29 MP: 1/1
   236 | D:2      | Reached skill level 4 in Unarmed Combat
   285 | D:3      | Reached XP level 3. HP: 25/36 MP: 2/2
   435 | D:5      | Entered Level 5 of the Dungeon
   445 | D:5      | Noticed a centaur
   463 | D:5      | Killed a centaur
   463 | D:5      | Reached skill level 5 in Unarmed Combat
   463 | D:5      | Reached XP level 4. HP: 26/44 MP: 3/3
   540 | D:6      | Noticed an orc warrior
   575 | D:6      | Killed an orc warrior
   575 | D:6      | Reached skill level 6 in Unarmed Combat
   575 | D:6      | Reached XP level 5. HP: 15/50 MP: 4/4
   626 | D:6      | Reached XP level 6. HP: 34/59 MP: 5/5
   655 | D:6      | Found an ancient bone altar of Kikubaaqudgha.
   677 | D:6      | Reached skill level 7 in Unarmed Combat
   751 | D:7      | Noticed a human
   752 | D:7      | Noticed a hog
   752 | D:7      | Noticed a hog
   772 | D:7      | Killed a hog
   772 | D:7      | Reached skill level 8 in Unarmed Combat
   772 | D:7      | Reached XP level 7. HP: 36/66 MP: 6/6
   781 | D:7      | Killed a hog
   794 | D:7      | Killed a human
   794 | D:7      | Reached skill level 9 in Unarmed Combat
   798 | D:7      | Learned a level 2 spell: Blink
   801 | D:7      | Learned a level 2 spell: Repel Missiles
  1114 | D:5      | Reached XP level 8. HP: 71/74 MP: 7/7
  1186 | D:4      | Noticed Aquadorian's ghost (amateur HOFE)
  1203 | D:4      | Killed Aquadorian's ghost
  1216 | D:4      | Noticed Duvessa
  1218 | D:4      | Noticed Dowan
  1223 | D:4      | Killed Duvessa
  1223 | D:4      | Reached skill level 10 in Unarmed Combat
  1229 | D:4      | Killed Dowan
  1333 | D:5      | Noticed Menkaure
  1338 | D:5      | Killed Menkaure
  1379 | D:5      | Found a hide-covered altar of Uskayaw.
  1380 | D:5      | Noticed a dagger
  1381 | D:5      | Noticed a dagger
  1467 | D:6      | Found a staircase to the Ecumenical Temple.
  1474 | Temple   | Entered the Ecumenical Temple
  1480 | Temple   | Became a worshipper of Cheibriados the Contemplative
  1480 | Temple   | Reached * piety under Cheibriados
  1480 | Temple   | Reached ** piety under Cheibriados
  1540 | D:8      | Noticed Joseph
  1561 | D:8      | Killed Joseph
  1561 | D:8      | Reached skill level 5 in Fighting
  1561 | D:8      | Reached XP level 9. HP: 81/88 MP: 8/8
  1757 | D:8      | Reached skill level 11 in Unarmed Combat
  1962 | D:10     | Entered Level 10 of the Dungeon
  1994 | D:10     | Noticed a troll
  2014 | D:10     | Killed a troll
  2078 | D:10     | Found a staircase to the Lair.
  2092 | D:10     | Reached *** piety under Cheibriados
  2112 | Lair:1   | Entered Level 1 of the Lair of Beasts
  2229 | Lair:1   | Noticed a komodo dragon
  2244 | Lair:1   | Killed a komodo dragon
  2244 | Lair:1   | Reached XP level 10. HP: 20/100 MP: 9/9
  2324 | Lair:1   | Reached skill level 5 in Dodging
  2348 | Lair:2   | Found a hole to the Spider Nest.
  2365 | Lair:2   | Found a staircase to the Swamp.
  2387 | Lair:2   | Reached skill level 12 in Unarmed Combat
  2415 | Lair:2   | Noticed a spiny frog
  2441 | Lair:2   | Reached **** piety under Cheibriados
  2500 | Lair:2   | Reached skill level 1 in Invocations
  2546 | Lair:2   | Noticed a queen ant
  2581 | Lair:2   | Killed a queen ant
  2581 | Lair:2   | Reached skill level 5 in Invocations
  2678 | Lair:2   | Reached XP level 11. HP: 13/109 MP: 7/13
  2847 | Lair:3   | Noticed a five-headed hydra
  2850 | Lair:3   | a five-headed hydra changed into something unseen
  2859 | Lair:3   | Mangled by a ghost moth

Vault maps used:
D:1:      dpeg_arrival_concentric_ovals
D:3:      dk_vineyard_1, kennysheep_doodads, yredelemnul_altar_generic
D:4:      uniq_duvessa
D:5:      dancing_weapons_uskayaw, first_bread, uniq_menkaure
D:6:      kiku_gazebo_pond_becter
D:7:      grunt_livestock
D:8:      nicolae_ru_path_of_blood, uniq_joseph
D:9:      marbit_many_paths, grunt_decor_arrowhead
D:10:     erik_lair_orcish_takeover, basic_altar
Temple:   eino_narrow_crystal_temple
Lair:1:   grunt_forest_large_clearings, bh_autumn_forest_stairs
Lair:2:   minmay_swamp_entry_swarm, spider_nest_entry_a, zaba_anthell,
          serial_bayou_shore_a
Lair:3:   minmay_lair_oklob_items, grunt_megastairs_5, uniq_urug

Skill      XL: |  1  2  3  4  5  6  7  8  9 10 |
---------------+-------------------------------+-----
Unarmed Combat | 4 5 6 8 9 10 11 12 | 12.6
Fighting       | 5 6 7 |  7.4
Dodging        | 4 5 |  5.9
Invocations    | 5 |  5.0
Stealth        | |  1.1

Action                   |  1- 3 |  4- 6 |  7- 9 | 10-12 || total
-------------------------+-------+-------+-------+-------++-------
Melee: Unarmed           |    46 |    47 |   223 |   186 ||   502
       Punch             |       |     2 |    10 |    20 ||    32
 Cast: Repel Missiles    |       |       |     1 |       ||     1
Invok: Slouch            |       |       |       |     3 ||     3
Evoke: Box of beasts     |       |       |       |     2 ||     2
       Wand              |       |       |       |     2 ||     2
  Use: Scroll            |       |     5 |    10 |     3 ||    18
       Potion            |       |     1 |     1 |     2 ||     4
 Stab: Sleeping          |     1 |       |     2 |     3 ||     6
  Eat: Chunk             |       |     6 |     7 |       ||    13
       Royal jelly       |       |       |     1 |       ||     1
       Beef jerky        |       |       |     2 |     2 ||     4
       Pizza             |       |       |     2 |       ||     2
       Fruit             |       |       |     4 |       ||     4
Armor: Robe              |    13 |     8 |    64 |       ||    85
       Skin              |       |     3 |    13 |    15 ||    31
       Troll hide        |       |       |     5 |    19 ||    24
Dodge: Dodged            |    19 |    18 |    95 |    73 ||   205
